Map: Odyssey LE

Players

SpeCIaL - Winner!

  • Race: Terran Terran
  • Spawn Location: 11:00

Snute

  • Race: Zerg Zerg
  • Spawn Location: 5:00

Event: WCS Jonkoping 2017

VOD

Have the link to the VOD?

Description

Time

  • Played on: June 17, 2017, 1:21 p.m.
  • Length: 16:02

All games in this series

Show
View Real Time Build Order
Export as new Build Order

SpeCIaL Terran - Winner!

Build Orders: Reaper Expand, Hellion Banshee, Mech 

Get SALT Encoding   

  12  0:00  SCV  
  13  0:13  SCV  
  14  0:17  Supply Depot  
  14  0:25  SCV  
  15  0:29  Refinery  
  15  0:39  SCV  
  16  0:45  Barracks  
  16  0:51  SCV  
  17  1:03  SCV  
  18  1:15  SCV  
  19  1:31  Orbital Command  
  19  1:32  Reaper  
  20  1:42  Command Center  
  20  1:52  Factory  
  20  1:57  SCV  
  21  2:09  Barracks Reactor, SCV  
  21  2:14  Refinery  
  22  2:17  Supply Depot  
  22  2:22  SCV  
  23  2:38  SCV  
  23  2:43  Starport  
  24  2:50  Hellion x2, SCV  
  29  2:53  Barracks Tech Lab  
  29  2:56  Orbital Command  
  29  3:02  SCV  
  30  3:11  Hellion x2  
  34  3:14  SCV  
  35  3:26  SCV  
  36  3:28  SCV, Cloaking Field  
  36  3:29  Medivac  
  39  3:35  Supply Depot  
  39  3:36  Hellion  
  39  3:40  Hellion  
  43  3:41  SCV  
  43  3:43  SCV  
  43  3:44  Marine  
  46  3:55  SCV  
  46  3:57  SCV  
  46  3:58  Hellion  
  46  4:01  Hellion  
  51  4:07  SCV  
  51  4:08  Banshee  
  51  4:09  SCV  
  48  4:19  SCV, Supply Depot  
  48  4:21  SCV  
  50  4:25  Hellion x2, Armory  
  54  4:38  Supply Depot  
  54  4:41  SCV x2  
  54  4:43  Supply Depot  
  56  4:46  Hellion  
  56  4:47  Hellion  
  60  4:53  SCV x2  
  60  4:59  Banshee  
  65  5:05  SCV x2  
  65  5:06  Supply Depot  
  67  5:08  Hellion x2  
  71  5:15  Terran Vehicle Weapons Level 1  
  71  5:17  SCV x2  
  73  5:22  Command Center  
  73  5:29  SCV  
  73  5:30  SCV  
  73  5:35  Hellion x2  
  77  5:41  SCV  
  77  5:42  SCV  
  71  5:46  Banshee  
  74  5:53  SCV  
  74  5:54  SCV  
  74  5:55  Refinery  
  74  5:56  Refinery  
  71  5:58  Factory  
  71  5:59  Factory  
  71  6:01  Hellion x2  
  75  6:04  Supply Depot  
  75  6:06  SCV x2  
  75  6:08  Barracks Tech Lab  
  77  6:18  SCV x2  
  78  6:21  Supply Depot  
  79  6:28  Hellion x2  
  79  6:30  SCV x2  
  85  6:34  Orbital Command  
  85  6:42  SCV, Refinery  
  85  6:43  SCV, Refinery  
  85  6:45  Medivac  
  89  6:49  Hellion x2  
  89  6:53  Thor x2  
  101  6:54  Hellion, SCV  
  101  6:55  SCV  
  101  6:58  Hellion  
  107  7:06  SCV  
  107  7:07  SCV  
  107  7:08  SCV  
  110  7:18  SCV  
  110  7:19  SCV  
  110  7:20  SCV  
  113  7:24  Hellion x2  
  113  7:27  Terran Vehicle Weapons Level 2  
  117  7:34  Supply Depot  
  117  7:35  Factory, Supply Depot  
  117  7:36  Factory  
  117  7:38  Supply Depot  
  117  7:40  Supply Depot  
  117  7:55  Siege Tank x2, SCV x2  
  117  7:56  SCV  
  119  8:07  SCV x2  
  119  8:08  Hellion x2, SCV  
  122  8:14  Command Center  
  122  8:15  Starport Reactor  
  124  8:20  SCV x3  
  124  8:24  Factory Reactor, Factory Tech Lab  
  119  8:27  Siege Tank x2  
  119  8:29  Hellion x2  
  119  8:32  SCV x2  
  131  8:39  Infernal Pre-Igniter  
  131  8:45  Armory  
  131  8:48  Supply Depot  
  131  8:49  Supply Depot  
  131  8:50  Hellion  
  131  8:51  Hellion, Siege Tank  
  131  8:52  Medivac  
  131  8:53  Medivac  
  142  9:00  Siege Tank  
  145  9:03  Hellion x2  
  145  9:04  Supply Depot  
  145  9:05  Supply Depot  
  149  9:10  Siege Tank  
  149  9:12  Hellion  
  149  9:14  Supply Depot x2  
  151  9:18  Hellion  
  151  9:23  Siege Tank  
  155  9:24  Hellion x2, Liberator  
  155  9:25  Liberator  
  159  9:32  Siege Tank  
  159  9:33  Hellion  
  164  9:39  Hellion  
  164  9:42  Siege Tank  
  175  9:46  Hellion x2  
  179  9:55  Hellion  
  179  9:56  Refinery  
  179  9:57  Terran Vehicle Weapons Level 3  
  179  9:58  Terran Vehicle And Ship Armor Level 1, Refinery  
  181  10:13  Engineering Bay  
  180  10:16  Hellion x2  
  180  10:17  Siege Tank x2  
  184  10:25  Siege Tank, Hellion  
  184  10:26  Hellion  
  164  10:37  Hellion  
  164  10:38  Hellion  
  164  10:47  Hellion x2  
  164  10:49  Siege Tank x2  
  166  11:02  Hellion x2  
  166  11:03  Siege Tank  
  163  11:07  Hellion x5  
  163  11:10  Liberator x2  
  147  11:17  Hellion x2  
  142  11:22  Siege Tank x2  
  142  11:23  Hellion  
  155  11:32  Refinery  
  155  11:33  Hellion  
  155  11:34  Starport  
  155  11:35  Hellion  
  155  11:37  Starport  
  155  11:38  Hellion x2  
  155  11:50  Hellion  
  155  11:54  Siege Tank, Hellion  
  158  11:55  Liberator x2  
  158  11:57  SCV x3  
  149  12:07  Siege Tank, Hellion  
  149  12:08  Hellion  
  154  12:13  Planetary Fortress  
  154  12:15  SCV x3  
  145  12:24  Siege Tank, Hellion  
  145  12:27  SCV x3  
  147  12:36  Starport, Starport Tech Lab  
  144  12:37  Starport Tech Lab  
  144  12:39  Hellion  
  144  12:40  Siege Tank  
  149  12:44  Siege Tank  
  149  12:45  Hellion, SCV x2  
  149  12:46  Liberator x2, SCV  
  157  12:57  SCV  
  158  13:02  Banshee  
  155  13:06  SCV x2  
  155  13:10  SCV  
  158  13:14  Banshee  
  158  13:15  Hyperflight Rotors  
  166  13:20  Hellion x2  
  168  13:28  SCV x3  
  168  13:30  Command Center  
  167  13:36  Hellion  
  167  13:38  Hellion x2  
  167  13:39  Hellion x7, Orbital Command  
  166  13:43  Hellion  
  166  13:46  Thor x2  
  161  13:52  Thor  
  167  13:56  Hellion  
  167  13:57  Hellion  
  162  14:03  SCV  
  162  14:04  SCV  
  162  14:05  Banshee  
  162  14:07  Banshee  
  170  14:14  Hellion  
  170  14:15  SCV  
  170  14:16  SCV x2  
  172  14:26  Viking  
  138  14:49  Banshee  
  136  14:55  Planetary Fortress  
  133  15:05  Command Center  
  133  15:08  Viking  
  135  15:16  Thor  
  141  15:21  Missile Turret  
  141  15:22  Hellion x2  
  141  15:26  SCV  
  141  15:27  SCV x2  
  148  15:35  Hellion x2  
Show
View Real Time Build Order
Export as new Build Order

Snute Zerg 

Build Orders: Pool First, Swarm Host 

Get SALT Encoding   

  12  0:00  Drone  
  13  0:12  Overlord  
  13  0:16  Drone  
  14  0:30  Drone x2  
  14  0:34  Drone  
  17  0:43  Spawning Pool  
  17  0:48  Drone  
  17  1:07  Hatchery  
  17  1:11  Drone  
  17  1:13  Drone  
  17  1:16  Extractor  
  17  1:30  Queen  
  17  1:31  Zergling x2  
  20  1:34  Overlord  
  20  1:39  Drone  
  21  1:49  Drone  
  22  2:00  Drone  
  23  2:06  Queen  
  25  2:10  Drone  
  26  2:19  Queen  
  28  2:24  Drone x2  
  28  2:29  Metabolic Boost  
  29  2:30  Drone  
  29  2:32  Drone  
  31  2:38  Drone, Overlord  
  31  2:39  Drone  
  31  2:42  Drone  
  34  2:46  Overlord  
  35  2:58  Drone x2  
  35  3:05  Drone x2  
  38  3:11  Drone x2  
  40  3:18  Extractor, Zergling x6  
  40  3:19  Zergling x2  
  43  3:23  Hatchery, Drone  
  43  3:24  Drone  
  45  3:28  Drone  
  45  3:32  Queen  
  45  3:33  Overlord  
  48  3:44  Overlord  
  48  3:46  Drone x2  
  50  3:54  Drone x3  
  50  3:55  Drone x2  
  49  4:06  Drone x2  
  49  4:08  Drone x2  
  49  4:09  Drone x2  
  49  4:18  Overlord  
  49  4:19  Drone x2  
  49  4:20  Drone x2  
  53  4:25  Spore Crawler  
  53  4:27  Spore Crawler  
  53  4:29  Drone  
  53  4:30  Drone  
  53  4:35  Queen  
  53  4:38  Spore Crawler, Zergling x2  
  55  4:40  Zergling x2  
  55  4:42  Drone  
  57  4:46  Drone  
  57  4:50  Zergling x6  
  57  4:52  Zergling x2  
  62  4:55  Drone x3, Overlord  
  62  4:56  Drone  
  66  5:04  Drone  
  66  5:06  Drone  
  68  5:09  Evolution Chamber x2, Drone  
  68  5:14  Baneling Nest  
  66  5:15  Queen x3  
  66  5:20  Zergling x8  
  76  5:32  Zergling x2  
  76  5:33  Zergling x8  
  79  5:37  Zergling x6  
  79  5:42  Zergling x4  
  74  5:45  Drone  
  74  5:46  Drone  
  74  5:47  Drone x2  
  79  5:50  Drone x3  
  79  5:51  Queen  
  79  5:54  Drone  
  79  5:55  Drone  
  83  5:57  Drone  
  83  5:58  Zerg Ground Armor Level 1, Zerg Melee Weapons Level 1  
  83  6:00  Drone  
  85  6:07  Drone x3  
  85  6:09  Drone  
  85  6:11  Extractor  
  87  6:12  Overlord  
  87  6:15  Hatchery, Overlord  
  87  6:16  Overlord  
  87  6:18  Drone x2  
  86  6:20  Drone  
  86  6:21  Extractor  
  86  6:22  Extractor, Drone  
  86  6:28  Overlord  
  86  6:31  Lair  
  84  6:33  Zergling x6, Drone  
  84  6:34  Zergling x2  
  84  6:36  Extractor  
  87  6:41  Drone x2  
  87  6:42  Overlord  
  87  6:45  Drone x3  
  92  6:49  Baneling  
  92  6:51  Extractor, Overlord  
  92  6:52  Drone  
  92  6:53  Drone x2  
  94  6:56  Drone  
  94  6:58  Drone  
  96  7:16  Overlord x3  
  96  7:18  Hatchery  
  95  7:26  Roach Warren  
  95  7:29  Queen  
  95  7:34  Infestation Pit, Centrifical Hooks  
  95  7:36  Baneling x2, Spire  
  95  7:37  Baneling x5  
  93  7:38  Spore Crawler  
  93  7:39  Drone x3  
  93  7:40  Drone  
  93  7:43  Queen x2  
  100  7:44  Overlord  
  98  7:52  Drone x5, Zerg Missile Weapons Level 1  
  98  7:55  Zergling x18  
  108  8:01  Queen  
  104  8:05  Baneling  
  104  8:06  Baneling x3  
  104  8:10  Roach  
  104  8:11  Roach x2  
  104  8:12  Roach  
  106  8:23  Roach  
  106  8:24  Roach x5  
  115  8:35  Roach x3  
  118  8:48  Hatchery  
  118  8:49  Swarm Host x5  
  132  8:55  Swarm Host  
  132  8:56  Swarm Host x2  
  132  9:00  Glial Reconstitution  
  141  9:06  Zergling x2  
  141  9:07  Overseer  
  142  9:14  Swarm Host x2  
  148  9:33  Swarm Host  
  148  9:34  Swarm Host x4  
  162  9:39  Overlord  
  162  9:41  Zergling x10  
  162  9:42  Overlord x2  
  167  9:47  Zerg Missile Weapons Level 2  
  168  10:02  Roach x8  
  166  10:21  Swarm Host x5  
  170  10:30  Swarm Host x2  
  170  10:37  Swarm Host x2  
  176  10:43  Roach x4  
  176  10:44  Overlord x2  
  176  10:49  Hatchery  
  183  10:57  Hatchery  
  176  11:02  Roach x8  
  176  11:03  Roach  
  167  11:05  Roach  
  167  11:10  Swarm Host  
  151  11:15  Roach x2  
  151  11:17  Roach  
  154  11:25  Queen x4  
  158  11:31  Roach x4  
  170  11:33  Ravager x2  
  170  11:34  Ravager x2  
  170  11:37  Roach x3  
  180  11:42  Ravager  
  181  11:49  Swarm Host  
  184  11:56  Roach x6  
  192  12:13  Zergling x12  
  174  12:21  Roach x3  
  166  12:27  Hatchery  
  156  12:31  Swarm Host x4  
  156  12:36  Queen x2  
  172  12:38  Spore Crawler  
  172  12:43  Mutalisk  
  169  12:51  Ravager x2  
  135  13:08  Drone x7  
  142  13:15  Ravager x4  
  146  13:23  Ravager  
  138  13:43  Drone x7  
  138  13:44  Drone x3  
  136  13:54  Mutalisk  
  126  14:06  Drone x3  
  118  14:14  Mutalisk  
  120  14:19  Drone  
  117  14:28  Drone x2  
  108  14:44  Drone  
  108  14:45  Drone  
  107  14:48  Drone  
  107  14:50  Lair  
  107  14:51  Drone  
  106  14:56  Drone x2  
  105  15:02  Drone  
  105  15:06  Drone x2  
  108  15:11  Drone  
  109  15:15  Drone x2  
  109  15:21  Drone  
Tags
 
Add a new tag
Caveats
  • Supply blocks, unpowered buildings, or Contaminate may cause inaccurate times.
  • Supply counts are checked every 10 seconds.